 Dungeon Crawl Stone Soup version 0.30.1-11-g7821555f0a (webtiles) character file.

Game seed: 17823931188212994908

11014 Wiggles the Severer (level 11, -9/101 HPs)
             Began as a Minotaur Berserker on Dec 4, 2023.
             Was an Elder of Trog.
             Mangled by a boulder beetle (24 damage)
             ... on level 10 of the Dungeon.
             The game lasted 00:13:46 (9072 turns).

Wiggles the Severer (Minotaur Berserker)            Turns: 9072, Time: 00:13:47

Health: -9/101     AC: 21    Str: 26    XL:     11   Next: 43%
Magic:  10/10      EV: 23    Int:  4    God:    Trog [****..]
Gold:   530        SH:  0    Dex: 10    Spells: 10/10 levels left

rFire   . . .        u - +5 battleaxe
rCold   . . .        (shield currently unavailable)
rNeg    . . .        w - +1 plate armour
rPois   +            h - +2 hat
rElec   .            C - +2 cloak
rCorr   +            (no gloves)
SInv    .            (no boots)
Will    .....        o - amulet of the acrobat Stlth
                     f - ring of poison resistance
HPRegen 0.36/turn    i - ring of resist corrosion
MPRegen 0.12/turn

%: acrobat
@: on berserk cooldown, acrobatic, slowed, very slow
A: horns 2, retaliatory headbutt
a: Renounce Religion, Berserk, Trog's Hand, Brothers in Arms


You were on level 10 of the Dungeon.
You worshipped Trog.
Trog was greatly pleased with you.
You visited 1 branch of the dungeon, and saw 10 of its levels.

You collected 530 gold pieces.

Inventory:

Hand Weapons
 u - a +5 battleaxe (weapon)
Armour
 h - a +2 hat (worn)
 r - a scarf of shadows
 w - a +1 plate armour (worn)
 C - a +2 cloak (worn)
Jewellery
 f - a ring of poison resistance (left hand)
 i - a ring of resist corrosion (right hand)
 o - an amulet of the acrobat (around neck)
 y - an amulet of magic regeneration
Wands
 b - a wand of flame (22)
 d - a wand of mindburst (11)
 j - a wand of paralysis (10)
 A - a wand of digging (1)
 D - a wand of quicksilver (13)
Scrolls
 c - a scroll of fear
 e - a scroll of identify
 k - a scroll of fog
 l - 4 scrolls of noise
 p - 5 scrolls of teleportation
 q - 4 scrolls of poison
 z - a scroll of blinking
 G - a scroll of amnesia {unknown}
Potions
 a - 4 potions of lignification
 g - a potion of might
 m - a potion of invisibility
 n - 3 potions of flight
 s - a potion of haste
 t - 5 potions of attraction
 v - a potion of degeneration
 x - 4 potions of curing
 B - a potion of brilliance
 E - a potion of mutation
Miscellaneous
 F - a phantom mirror
 H - a condenser vane
 I - a box of beasts


   Skills:
 + Level 10.8 Fighting
 + Level 15.6 Axes
 + Level 11.1 Armour
 + Level 3.3 Dodging
 + Level 0.7 Stealth
 + Level 2.3 Shields


You had 10 spell levels left.
You didn't know any spells.
Your spell library was empty.

Dungeon Overview and Level Annotations

Branches:
Dungeon (10/15)            Temple (0/1) D:6            Lair (0/5) D:10
    Orc (0/2) D:10

Altars:
Cheibriados
Hepliaklqana
Makhleb
Nemelex Xobeh
Ru
Wu Jian
Yredelemnul
Zin


Innate Abilities, Weirdness & Mutations

You have a pair of horns on your head.
You reflexively headbutt those who attack you in melee.


Message History

The boulder beetle leaps!
Your Armour skill increases to level 11!
You are covered in liquid flames!
* * * LOW HITPOINT WARNING * * *
You are no longer on fire.
The howler monkey simulacrum misses you.
The howler monkey simulacrum closely misses you.
You see here a +0 long sword.
You hit the howler monkey simulacrum.
The howler monkey simulacrum is severely damaged.
The howler monkey simulacrum hits you but does no damage.
You slash the boulder beetle!
The boulder beetle is heavily wounded.
You slash the howler monkey simulacrum!
The howler monkey simulacrum vaporises!
Trog accepts your kill. The boulder beetle bites you!
* * * LOW HITPOINT WARNING * * *
You slash the boulder beetle!
You headbutt the boulder beetle, but do no damage.
The boulder beetle is heavily wounded.
The boulder beetle bites you but does no damage.
The boulder beetle bites you.
* * * LOW HITPOINT WARNING * * *
You completely miss the boulder beetle.
The boulder beetle is heavily wounded.
The boulder beetle closely misses you.
You barely miss the boulder beetle.
You headbutt the boulder beetle, but do no damage.
The boulder beetle is heavily wounded.
The boulder beetle bites you but does no damage.
The boulder beetle leaps!
Things that are here:
a +0 shortbow; a centaur corpse; a wolf spider corpse You feel better.
The boulder beetle leaps!
The boulder beetle curls into a ball and begins rolling!
Your deep troll goes berserk!
Trog will no longer gift you weapons. The boulder beetle hits you!!
You die...

###.....# #.#.#.#.P...P
........# #.#.#.#.P._.P
###.....# #.....#...... #
##....# ###...####### #
####.# ###..##.### # #.#
.#<##....< # #.#########
###..#.##..### #
#.........###..°###.[......
#
#######..T@B○○°.#..........
#
#.......#.###...#######.###
# #.#######.## ###).# #.###
### #.# #..# .# #.... ..#
###.# ##.# #...# #.# #...#
#.# #.... #.# #.### #.#
#...# #.#
#.##########[#########
##.## #.#
#....................# #.#


You could see a boulder beetle (rolling, ally target) and a friendly deep troll
(summoned, berserk).

Vanquished Creatures
  A fire dragon (D:10)
  A hydra (D:10)
  2 centaur warriors (D:10)
  A two-headed ogre (D:10)
  A wizard (D:10)
  2 deep elf pyromancers (D:10)
  An ugly thing (D:10)
  A wolf spider (D:10)
  2 unseen horrors (D:10)
  A komodo dragon (D:10)
  A troll (D:8)
  A hornet (D:10)
  A slime creature (D:10)
  2 wraiths (D:10)
  A yak (D:10)
  2 steam dragons
  A water moccasin (D:5)
  2 sky beasts
  4 orc warriors
  2 black bears
  2 ogres
  6 centaurs
  A phantom (D:4)
  2 kobold brigands
  A bullfrog (D:6)
  A gnoll sergeant (D:7)
  4 scorpions
  3 wights (D:8)
  15 killer bees
  2 howler monkeys
  14 orc priests
  6 hounds
  A sleepcap (D:7)
  Natasha (thrice) (D:3)
  4 iguanas (D:6)
  16 orc wizards
  4 gnolls (D:7)
  8 adders
  2 shadow imps
  A howler monkey simulacrum (D:10)
  2 ufetubi
  2 worms
  2 dart slugs
  52 orcs
  8 ball pythons
  4 bats
  8 endoplasms
  7 giant cockroaches
  9 goblins
  7 hobgoblins
  8 jackals
  15 kobolds
  6 quokkas
  2 frilled lizards (D:1)
  7 rats
265 creatures vanquished.

Notes
Turn   | Place    | Note
-------+----------+-------------------------------------------
     0 | D:1      | Wiggles the Minotaur Berserker began the quest for the Orb.
     0 | D:1      | Reached XP level 1. HP: 19/19 MP: 0/0
   168 | D:1      | Reached XP level 2. HP: 27/27 MP: 1/1
   170 | D:1      | Reached skill level 4 in Axes
   845 | D:1      | Reached ** piety under Trog
   876 | D:2      | Reached XP level 3. HP: 34/34 MP: 2/2
   957 | D:2      | Identified the +9 dagger of Equivalence {heavy, rElec
                  | Int+4}
  1270 | D:2      | Reached XP level 4. HP: 39/41 MP: 3/3
  1512 | D:3      | Noticed Natasha
  1523 | D:3      | Killed Natasha
  1529 | D:3      | Found a faded altar of an unknown god.
  1585 | D:3      | Reached skill level 5 in Axes
  1591 | D:3      | Reached *** piety under Trog
  1827 | D:3      | Reached XP level 5. HP: 45/47 MP: 4/4
  1874 | D:3      | Reached skill level 5 in Fighting
  1983 | D:3      | Noticed Natasha
  1994 | D:3      | Killed Natasha
  2092 | D:3      | Found a sparkling altar of Nemelex Xobeh.
  2106 | D:3      | Found a glowing silver altar of Zin.
  2106 | D:3      | Found an ornate altar of the Wu Jian Council.
  2203 | D:3      | Noticed Natasha
  2212 | D:3      | Killed Natasha
  2500 | D:4      | Identified the +7 dagger "Wauvach" {flame, Int+5}
  2532 | D:4      | Noticed an orc warrior
  2541 | D:4      | Killed an orc warrior
  2542 | D:4      | Reached skill level 6 in Axes
  2542 | D:4      | Reached XP level 6. HP: 39/56 MP: 5/5
  2984 | D:4      | Reached skill level 7 in Axes
  2984 | D:4      | Reached XP level 7. HP: 29/61 MP: 6/6
  3332 | D:5      | Entered Level 5 of the Dungeon
  3384 | D:5      | Reached skill level 5 in Armour
  3704 | D:5      | Reached skill level 8 in Axes
  3755 | D:5      | Reached XP level 8. HP: 39/70 MP: 7/7
  3807 | D:5      | Reached **** piety under Trog
  3966 | D:5      | Reached skill level 9 in Axes
  4075 | D:5      | Found a snail-covered altar of Cheibriados.
  4525 | D:6      | Identified the +6 leather armour of Barnacled Liberty {rC++
                  | rCorr Str+3 Slay-6}
  4622 | D:6      | Reached skill level 10 in Axes
  5016 | D:6      | Reached XP level 9. HP: 70/79 MP: 8/8
  5077 | D:6      | Reached skill level 11 in Axes
  5331 | D:6      | Found a staircase to the Ecumenical Temple.
  5845 | D:7      | Reached skill level 1 in Shields
  6526 | D:8      | Reached ***** piety under Trog
  6594 | D:8      | Noticed a troll
  6600 | D:8      | Killed a troll
  6601 | D:8      | Reached skill level 12 in Axes
  6942 | D:8      | Found a burning altar of Makhleb.
  6942 | D:8      | Found a hazy altar of Hepliaklqana.
  7087 | D:9      | Received a gift from Trog
  7088 | D:9      | Reached XP level 10. HP: 87/89 MP: 9/9
  7626 | D:10     | Entered Level 10 of the Dungeon
  7669 | D:10     | Found a basalt altar of Yredelemnul.
  7724 | D:10     | Found a staircase to the Orcish Mines.
  7742 | D:10     | Reached skill level 13 in Axes
  7943 | D:10     | Found a sacrificial altar of Ru.
  8045 | D:10     | Found a staircase to the Lair.
  8211 | D:10     | Reached skill level 14 in Axes
  8215 | D:10     | Noticed a two-headed ogre
  8221 | D:10     | Killed a two-headed ogre
  8280 | D:10     | Noticed a green ugly thing
  8292 | D:10     | Killed a green ugly thing
  8486 | D:10     | Noticed a centaur warrior
  8493 | D:10     | Reached skill level 10 in Fighting
  8494 | D:10     | Killed a centaur warrior
  8495 | D:10     | Reached skill level 10 in Armour
  8495 | D:10     | Reached XP level 11. HP: 74/99 MP: 10/10
  8576 | D:10     | Noticed a deep elf pyromancer
  8578 | D:10     | Noticed a seven-headed hydra
  8578 | D:10     | Noticed a wizard
  8585 | D:10     | Killed a ten-headed hydra
  8586 | D:10     | Reached skill level 15 in Axes
  8600 | D:10     | Killed a wizard
  8604 | D:10     | Killed a deep elf pyromancer
  9037 | D:10     | Noticed a wolf spider
  9037 | D:10     | Noticed a fire dragon
  9038 | D:10     | Noticed a centaur warrior
  9038 | D:10     | Noticed a boulder beetle
  9046 | D:10     | Killed a wolf spider
  9049 | D:10     | Killed a centaur warrior
  9056 | D:10     | Killed a fire dragon
  9056 | D:10     | Noticed a deep elf pyromancer
  9062 | D:10     | Killed a deep elf pyromancer
  9066 | D:10     | HP: 4/101 [boulder beetle (5)]
  9072 | D:10     | Mangled by a boulder beetle

Illustrated notes

Levels and vault maps discovered:
D:1:      amcnicky_arrival_gap_in_the_tavern_cellar, layout_loops_corners
D:2:      layout_basic, chequers_serial_rivers_marsh, minmay_joined_circles
D:3:      layout_loops_ring, grunt_temple_overflow_open,
          ebering_ecumenical_altar_sacrificial, minmay_misc_feat_columns,
          uniq_natasha
D:4:      layout_basic, chequers_serial_rivers_micro_a
D:5:      layout_gridville, mainiacjoe_overflow_cross_hatched
D:6:      layout_basic, minmay_temple_entry_enclosed_plants
D:7:      layout_gridville, nicolae_fountain_basement
D:8:      layout_rooms, gammafunk_temple_overflow_elements, serial_corexii_hall,
          chequers_hall_statues_corner_a, chequers_hall_statues_corner_a
D:9:      layout_rooms
D:10:     minmay_blocky_corners, layout_loops_ring,
          mainiacjoe_overflow_alcove_4, yredelemnul_altar_generic,
          dpeg_oklobed_lair, orc_0_dummy, minmay_the_grid_2x2
          [minmay_the_grid_embedded, minmay_the_grid_minigrid_small,
          minmay_the_grid_paths, minmay_the_grid_prize_trominoes]

Skill      XL: |  1  2  3  4  5  6  7  8  9 10 11 |
---------------+----------------------------------+-----
Axes           | 4 5 6 7 8 10 12 14 15 | 15.6
Fighting       | 4 5 6 7 8 10 | 10.8
Armour         | 3 4 6 7 9 10 11 | 11.1
Dodging        | 3 |  3.3
Shields        | 2 |  2.3
Stealth        | |  0.7

Action                     |  1- 3 |  4- 6 |  7- 9 | 10-12 || total
---------------------------+-------+-------+-------+-------++-------
  Melee: Hand axe          |   105 |   112 |       |       ||   217
         Headbutt          |    13 |    17 |    31 |    16 ||    77
         War axe           |       |    25 |   204 |       ||   229
         Punch             |       |       |     2 |       ||     2
         Battleaxe         |       |       |    57 |   129 ||   186
 Invoke: Berserk           |       |     1 |     2 |     2 ||     5
         Brothers in Arms  |       |       |       |     1 ||     1
    Use: Scroll            |       |       |    22 |     5 ||    27
         Potion            |       |       |       |     2 ||     2
   Stab: Sleeping          |     1 |       |       |       ||     1
 Armour: Animal skin       |     6 |       |       |       ||     6
         Scale mail        |    34 |    52 |       |       ||    86
         Plate armour      |       |    19 |   214 |   117 ||   350
  Dodge: Dodged            |    56 |    56 |   138 |    94 ||   344
  Block: Buckler           |       |       |    29 |       ||    29
